 Dungeon Crawl Stone Soup version 0.26-b1-45-g23770d1d51 (webtiles) character file.

Game seed: 11316368244792786690

30 raceaflais the Caller (level 3, -3/24 HPs)
             Began as a Human Summoner on Jan 6, 2021.
             Slain by an adder (4 damage)
             ... on level 3 of the Dungeon.
             The game lasted 00:11:25 (2845 turns).

raceaflais the Caller (Human Summoner)              Turns: 2845, Time: 00:11:25

Health: -3/24      AC:  2    Str:  8    XL:     3   Next: 37%
Magic:  1/6        EV: 11    Int: 16    God:
Gold:   7          SH:  3    Dex: 13    Spells: 6/7 levels left

rFire    . . .     SeeInvis .   j - +0 rapier
rCold    . . .     Faith    .   h - +0 buckler
rNeg     . . .     Spirit   .   a - +0 robe
rPois    .         Reflect  .   (no helmet)
rElec    .         Harm     .   (no cloak)
rCorr    .         Rampage  .   (no gloves)
Will     .....                  (no boots)
Stlth    ++........             (no amulet)
HPRegen  0.08/turn              (no ring)
MPRegen  0.10/turn              (no ring)

@: lethally poisoned (-3 -> -10)
A: no striking features
a: no special abilities


You were on level 3 of the Dungeon.
You visited 1 branch of the dungeon, and saw 3 of its levels.

You collected 7 gold pieces.

Inventory:

Hand Weapons
 e - a +0 whip
 i - a +0 dagger
 j - a +0 rapier (weapon)
Missiles
 b - 48 arrows
 d - 13 bolts
 g - 112 stones
 l - 4 large rocks
Armour
 a - a +0 robe (worn)
 h - a +0 buckler (worn)
 n - a +0 scale mail
Scrolls
 f - 2 scrolls of identify
 m - 3 scrolls of noise


   Skills:
 + Level 2.0 Dodging
 + Level 2.3 Stealth
 + Level 2.6 Spellcasting
 + Level 4.4 Summonings


You had 6 spell levels left.
You knew the following spells:

 Your Spells              Type           Power        Failure   Level
a - Summon Small Mammal   Summ           64%          5%          1

Your spell library contained the following spells:

 Spells                   Type           Power        Failure   Level
 Call Imp                 Summ           16%          8%          2
 Call Canine Familiar     Summ           16%          16%         3
 Summon Guardian Golem    Hex/Summ       9%           36%         3
 Summon Ice Beast         Ice/Summ       9%           78%         4
 Summon Lightning Spire   Summ/Air       9%           78%         4


Dungeon Overview and Level Annotations

Branches:
Dungeon (2/15)

Altars:
Kikubaaqudgha
Qazlal


Message History

You are too injured to fight recklessly!
You are too injured to fight recklessly!
Really read the scroll of noise?
Okay, then.
There are monsters nearby!
You closely miss the adder.
The adder is severely wounded.
You feel sick. The adder bites you.
* * * LOW HITPOINT WARNING * * *
Your quokka barely misses the kobold.
The frilled lizard bites your quokka but does no damage.
The adder bites you.
* * * LOW HITPOINT WARNING * * *
You are more poisoned.
The adder poisons you!
You closely miss the adder.
The adder is severely wounded.
* * * LOW HITPOINT WARNING * * *
You feel sick. The adder bites you.
You die...

##### #####
##...## ##...##
#.....#####..†..#
#..8.........8..#
#....l#####.....#
##.Kr## ##...##
##S## ##.## #@#
#.# #.+ #.+ #.#
#(# #.# #.# g..
.(. ... ... .8.
.8. .g... .....


You could see a gnoll, an adder, a goblin (wandering), a kobold, a frilled
lizard and a friendly quokka (summoned).

Vanquished Creatures
  An adder (D:3)
  A leopard gecko (D:3)
  A hobgoblin (D:1)
  2 bats
  3 rats (D:1)
8 creatures vanquished.

Vanquished Creatures (collateral kills)
  A worm (D:2)
  2 dart slugs (D:1)
  A leopard gecko (D:1)
  3 bats
  A giant cockroach (D:1)
  4 goblins
  4 hobgoblins
  A kobold (D:1)
  A ball python (D:1)
  2 frilled lizards
  2 rats (D:1)
22 creatures vanquished.

Grand Total: 30 creatures vanquished

Notes
Turn   | Place    | Note
-------+----------+-------------------------------------------
     0 | D:1      | raceaflais the Human Summoner began the quest for the Orb.
     0 | D:1      | Reached XP level 1. HP: 13/13 MP: 3/3
   359 | D:1      | Reached XP level 2. HP: 18/19 MP: 1/5
  1983 | D:2      | Found an ancient bone altar of Kikubaaqudgha.
  1985 | D:2      | Found a stormy altar of Qazlal.
  2269 | D:2      | Reached XP level 3. HP: 24/24 MP: 0/6
  2738 | D:2      | You fall into a shaft and drop 1 floor!
  2845 | D:3      | HP: 1/24 [poisoned by an adder]
  2845 | D:3      | Slain by an adder

Illustrated notes

Levels and vault maps discovered:
D:1:      matt_arrival_grand_opening, layout_loops_ring
D:2:      layout_basic, minitemple
D:3:      minmay_octagon_keep, layout_rooms

Action                   || total
-------------------------++-------
Melee: Unarmed           ||     7
       Dagger            ||     8
       Whip              ||     6
       Rapier            ||    12
 Cast: Summon Small Mamm ||    89
  Use: Scroll            ||     4
       Potion            ||     4
 Stab: Sleeping          ||     1
Armor: Robe              ||    10
Dodge: Dodged            ||    30
Block: Buckler           ||     4
